 Dungeon Crawl Stone Soup version 0.26.0-16-gc1dbca0489 (webtiles) character file.

Game seed: 7330327670116040873

1206 EnegeticOcto the Cleaver (level 8, -1/68 HPs)
             Began as a Deep Dwarf Delver on Jan 18, 2021.
             Was a Follower of Makhleb.
             Slain by a troll (10 damage)
             ... on level 10 of the Dungeon.
             The game lasted 00:07:04 (1085 turns).

EnegeticOcto the Cleaver (Deep Dwarf Delver)        Turns: 1085, Time: 00:07:05

Health: -1/68      AC:  7    Str: 17    XL:     8   Next: 21%
Magic:  5/5        EV: 10    Int: 18    God:    Makhleb [*.....]
Gold:   190        SH:  0    Dex: 14    Spells: 11/11 levels left

rFire    . . .     SeeInvis .   a - +0 hand axe
rCold    . . .     Faith    .   (no shield)
rNeg     . . .     Spirit   .   x - +0 scale mail
rPois    .         Reflect  .   (no helmet)
rElec    .         Harm     .   p - +0 cloak
rCorr    .         Rampage  .   (no gloves)
Will     +....                  (no boots)
Stlth    +++.......             (no amulet)
HPRegen  0.00/turn              h - +6 ring of intelligence
MPRegen  0.09/turn              j - ring of stealth

@: non-regenerating
A: damage resistance, heal wounds, sense surroundings 1, no regeneration
a: Heal Wounds, Renounce Religion


You were on level 10 of the Dungeon.
You worshipped Makhleb.
Makhleb was aware of your devotion.
You visited 2 branches of the dungeon, and saw 7 of its levels.

You collected 286 gold pieces.
You spent 96 gold pieces at shops.

Inventory:

Hand Weapons
 a - a +0 hand axe (weapon)
 k - a +2 mace of holy wrath
   (You took it off an orc on level 6 of the Dungeon)
Missiles
 t - 5 boomerangs (quivered)
Armour
 b - a +0 leather armour
 p - a +0 cloak (worn)
   (You found it on level 7 of the Dungeon)
 s - +0 steam dragon scales
   (You found it on level 8 of the Dungeon)
 x - a +0 scale mail (worn)
   (You took it off an orc on level 9 of the Dungeon)
Jewellery
 h - a +6 ring of intelligence (left hand)
   (You found it on level 5 of the Dungeon)
 j - a ring of stealth (right hand)
   (You found it on level 6 of the Dungeon)
Wands
 g - a wand of digging (3) {@v3}
 i - a wand of iceblast (17) {@v2}
   (You found it on level 5 of the Dungeon)
 m - a wand of flame (1) {@v4}
   (You found it on level 6 of the Dungeon)
 n - a wand of paralysis (6)
   (You bought it in a shop on level 6 of the Dungeon)
 r - a wand of acid (8) {@v1}
   (You found it on level 8 of the Dungeon)
 u - a wand of disintegration (13)
   (You found it on level 8 of the Dungeon)
Scrolls
 c - 2 scrolls of fog {!r}
 d - a scroll of magic mapping {@r5 !r}
 e - a scroll of fear {!r}
 v - a scroll of enchant armour {unknown}
 w - a scroll of noise {unknown}
Potions
 f - 3 potions of haste {@q4 !q}
 l - 2 potions of brilliance {unknown}
 o - a potion of degeneration {unknown}
 q - a potion of curing {unknown}


   Skills:
 - Level 2.6 Fighting
 * Level 9.7 Axes
 - Level 2.1 Dodging
 - Level 6.0 Stealth
 - Level 2.0 Spellcasting
 + Level 4.7 Invocations


You had 11 spell levels left.
You didn't know any spells.
Your spell library was empty.

Dungeon Overview and Level Annotations

Branches:
Dungeon (10/15)            Temple (1/1) D:6
   Lair: D:8-11         Orc: D:9-12

Altars:
Ashenzari
Dithmenos
Elyvilon
Fedhas
Gozag
Hepliaklqana
Makhleb
Nemelex Xobeh
Okawaru
Qazlal
Ru
Sif Muna
Trog
Uskayaw
Vehumet
Wu Jian
Xom
Yredelemnul
Zin
The Shining One

Shops:
D:6 }

Annotations:
D:5 2 transporters, Tagedieb's ghost, novice OpEn


Innate Abilities, Weirdness & Mutations

You are resistant to damage.
You can heal yourself by infusing magical energy.
You passively map a small area around you.
You do not regenerate.


Message History

You finish taking off your +0 steam dragon scales.
You start putting on your armour.
You continue putting on your +0 scale mail. x5
You finish putting on your +0 scale mail.
You now have 180 gold pieces (gained 21).
You see here a +0 mace.
Things that are here:
a +0 dagger; a +0 robe A brown ugly thing comes into view.
The brown ugly thing moves out of view.
Found a long sword and 10 gold pieces.
Found a stone staircase leading up.
Found a mace.
You now have 190 gold pieces (gained 10).
Found a stone staircase leading down.
You see here a mace.
There is a stone staircase leading down here.
You climb downwards.
A worker ant, a troll and a white imp come into view.
Found a sapphire potion.
There is a stone staircase leading up here.
The troll shouts!
The white imp hits you. The white imp freezes you.
Found 18 gold pieces.
Evoke which item? (* to show all) (? for menu, Esc to quit)
Aiming: Corrosive Bolt
Press: ? - help, Shift-Dir - straight line, f - troll
Aim: a troll (29% to evade)
The bolt of acid misses the white imp.
The bolt of acid hits the troll!
The troll is splashed with acid.
The acid corrodes the troll!
The troll is heavily wounded.
The worker ant closely misses you.
The white imp hits you but does no damage.
You hit the worker ant.
The worker ant is moderately wounded.
You hit the white imp.
The worker ant bites you but does no damage.
You hit the worker ant.
The worker ant is heavily wounded.
You hit the white imp but do no damage. The worker ant barely misses you.
The white imp gestures at you. The puff of frost hits you.
Your scale mail prevents you from hitting the worker ant.
The worker ant is heavily wounded.
You hit the white imp. The worker ant barely misses you.
The white imp barely misses you.
You hit the worker ant.
The worker ant is almost dead.
You hit the white imp but do no damage. The worker ant bites you.
The white imp closely misses you.
You hit the worker ant.
You kill the worker ant!
Makhleb accepts your kill.
You barely miss the white imp. The white imp gestures at you.
The puff of frost hits you!
You slash the troll!
The troll is heavily wounded.
You barely miss the white imp.
The white imp hits you but does no damage.
You barely miss the troll.
The troll is heavily wounded.
You hit the white imp.
You kill the white imp!
Makhleb accepts your kill. The troll bites you!
The troll claws you but does no damage. The troll closely misses you.
You closely miss the troll.
The troll is heavily wounded.
The troll bites you but does no damage. The troll claws you!
The troll claws you but does no damage.
You slash the troll!
The troll is severely wounded.
The troll is no longer covered in acid.
The troll bites you!
* * * LOW HITPOINT WARNING * * *
The troll closely misses you. The troll claws you!
* * * LOW HITPOINT WARNING * * *
You feel much better. The troll bites you!
* * * LOW HITPOINT WARNING * * *
The troll misses you. The troll claws you!
* * * LOW HITPOINT WARNING * * *
You feel much better. The troll bites you!
* * * LOW HITPOINT WARNING * * *
The troll claws you but does no damage. x2
Evoke which item? (* to show all) (? for menu, Esc to quit)
Aiming: Corrosive Bolt
Press: ? - help, Shift-Dir - straight line, f/p - troll
Aim: a troll (heavily wounded, 29% to evade)
The bolt of acid hits the troll!
The troll is splashed with acid.
The acid corrodes the troll!
The troll is almost dead.
The troll bites you.
* * * LOW HITPOINT WARNING * * *
The troll claws you!
* * * LOW HITPOINT WARNING * * *
The troll barely misses you.
You hit the troll.
The troll is almost dead.
The troll bites you!
You die...

, , ,#......... , ,
. #......... , , ..
#........., ... *
#......... ....
##.........,
.....###..........,
**
$.......#.........
.......@T.<.......
*
..................
,
................#.
, ...............##
................# ,
........!......##
** .............###
, .............# ,,
.........#.##


You could see a troll (corroded).

Vanquished Creatures
  A steam dragon (D:8)
  An ice beast (D:7)
  A black bear (D:8)
  A necrophage (D:6)
  A centaur (D:8)
  A bullfrog (D:7)
  A scorpion (D:6)
  A howler monkey (D:8)
  A bullfrog zombie (D:5)
  2 orc priests
  A hound (D:8)
  A centaur skeleton (D:6)
  2 jellies (D:8)
  7 orc wizards
  3 worker ants
  4 gnolls (D:8)
  2 adders (D:8)
  2 shadow imps
  A white imp (D:10)
  An ufetubus (D:6)
  A leopard gecko (D:6)
  11 orcs
  4 jackals (D:7)
51 creatures vanquished.

Notes
Turn   | Place    | Note
-------+----------+-------------------------------------------
     0 | D:5      | EnegeticOcto the Deep Dwarf Delver began the quest for the
                  | Orb.
     0 | D:5      | Reached XP level 1. HP: 20/20 MP: 1/1
    14 | D:5      | Noticed Tagedieb's ghost (novice OpEn)
    15 | D:5      | Found a transporter.
    15 | D:5      | Noticed an ogre
    21 | D:5      | Found a transporter.
    45 | D:5      | Reached skill level 3 in Axes
    80 | D:5      | Noticed a worker ant
    96 | D:5      | Your magical essence is drained by the effort!
   102 | D:5      | Killed a worker ant
   103 | D:5      | Reached skill level 4 in Axes
   103 | D:5      | Reached XP level 2. HP: 8/27 MP: 1/1
   103 | D:5      | Reached XP level 3. HP: 9/33 MP: 2/2
   103 | D:5      | Your magical essence is drained by the effort!
   143 | D:6      | Reached XP level 4. HP: 26/40 MP: 2/2
   163 | D:6      | Found Opnicist's Gadget Shoppe.
   183 | D:6      | Reached skill level 5 in Axes
   252 | D:6      | Reached skill level 6 in Axes
   252 | D:6      | Reached XP level 5. HP: 33/46 MP: 3/3
   270 | D:6      | Noticed a necrophage
   280 | D:6      | Killed a necrophage
   281 | D:6      | Reached skill level 1 in Spellcasting
   281 | D:6      | Reached XP level 6. HP: 32/55 MP: 3/5
   306 | D:6      | Found a staircase to the Ecumenical Temple.
   312 | Temple   | Entered the Ecumenical Temple
   369 | Temple   | Became a worshipper of Makhleb the Destroyer
   472 | D:6      | Bought a wand of paralysis (6) for 96 gold pieces
   551 | D:7      | Reached skill level 7 in Axes
   601 | D:7      | Noticed an ice beast
   618 | D:7      | Killed an ice beast
   644 | D:8      | Reached skill level 2 in Spellcasting
   663 | D:8      | Your magical essence is drained by the effort!
   666 | D:8      | Reached XP level 7. HP: 49/61 MP: 7/7
   680 | D:8      | Reached skill level 1 in Invocations
   733 | D:8      | Reached skill level 8 in Axes
   733 | D:8      | Reached skill level 2 in Invocations
   773 | D:8      | Found a sacrificial altar of Ru.
   773 | D:8      | Found a sparkling altar of Nemelex Xobeh.
   786 | D:8      | Your magical essence is drained by the effort!
   799 | D:8      | Reached skill level 3 in Invocations
   837 | D:8      | Your magical essence is drained by the effort!
   859 | D:8      | Noticed a steam dragon
   875 | D:8      | Killed a steam dragon
   876 | D:8      | Reached skill level 9 in Axes
   877 | D:8      | Reached * piety under Makhleb
   878 | D:8      | Reached skill level 4 in Invocations
   878 | D:8      | Reached XP level 8. HP: 24/68 MP: 6/6
   965 | D:9      | Your magical essence is drained by the effort!
  1042 | D:9      | Noticed a brown ugly thing
  1068 | D:10     | Entered Level 10 of the Dungeon
  1068 | D:10     | Noticed a troll
  1085 | D:10     | Slain by a troll

Illustrated notes

Levels and vault maps discovered:
D:5:      layout_rooms, marbit_many_paths, gammafunk_ghost_smash,
          portal_sewer_entry_b, item_on_display_a
D:6:      layout_basic, minmay_temple_entry_fiery, serial_shops, shop_coins,
          uniq_eustachio
D:7:      layout_loops_cross, nicolae_ossuary_entry_ruins
D:8:      minmay_general_purpose_star, layout_loops_ring,
          gammafunk_temple_overflow_pools, lemuel_mausoleum_altar_kikubaaqudgha,
          minmay_misc_feat_pillars
D:9:      layout_rooms, lair_entry_dummy, serial_shops, nicolae_shop_waterfront,
          chequers_arboretum, uniq_erica
D:10:     layout_big_octagon, amcnicky_mini_pool_small, uniq_josephine
Temple:   compressed_dpeg_circular_temple

Skill      XL: |  1  2  3  4  5  6  7 |
---------------+----------------------+-----
Axes           | 4 6 7 9 |  9.7
Spellcasting   | 1 2 |  2.0
Invocations    | 4 |  4.7
Fighting       | |  2.6
Dodging        | |  2.1
Stealth        | |  6.0

Action                   |  1- 3 |  4- 6 |  7- 9 || total
-------------------------+-------+-------+-------++-------
Melee: Hand axe          |    42 |    72 |   143 ||   257
Throw: Boomerang         |       |       |     7 ||     7
 Abil: Heal Wounds       |     3 |     5 |    13 ||    21
Evoke: Wand              |       |     8 |     4 ||    12
  Use: Scroll            |     2 |     1 |       ||     3
 Stab: Sleeping          |     1 |     6 |     2 ||     9
       Distracted        |       |       |     3 ||     3
Armor: Leather armour    |    15 |    12 |    31 ||    58
       Scale mail        |       |       |     8 ||     8
       Steam dragon scal |       |       |     6 ||     6
Dodge: Dodged            |    47 |    35 |   122 ||   204
